 Dungeon Crawl Stone Soup version 0.30.1-3-gfc49f6343a (webtiles) character file.

Game seed: 17050105589102053810

1235 hawla the Firebug (level 9, -6/64 HPs)
             Began as a Meteoran Fire Elementalist on Aug 3, 2023.
             Was an Initiate of Vehumet.
             Mangled by a komodo dragon (26 damage)
             ... on level 1 of the Lair of Beasts on Aug 5, 2023.
             The game lasted 00:12:52 (1673 turns).

hawla the Firebug (Meteoran Fire Elementalist)      Turns: 1673, Time: 00:12:53

Health: -6/64      AC:  9    Str: 11    XL:     9   Next: 6%
Magic:  1/19       EV: 13    Int: 18    God:    Vehumet [......]
Gold:   266        SH:  0    Dex: 15    Spells: 14/21 levels left

rFire   . . .        j - staff of earth
rCold   . . .        (no shield)
rNeg    . . .        l - +2 robe {Will+}
rPois   .            k - +0 helmet
rElec   .            f - +0 cloak
rCorr   .            o - +2 pair of gloves
SInv    .            (no boots)
Will    ++...        (no amulet)
Stlth   +            (no ring)
HPRegen 0.30/turn    (no ring)
MPRegen 0.16/turn

%: no passive effects
@: very slightly contaminated, glowing, studying Armour
A: sense surroundings 2, otherworldly, glowing, explore regen, dopey 1,
teleportitis 1, wild magic 1
a: Renounce Religion


You were on level 1 of the Lair of Beasts.
You worshipped Vehumet.
Vehumet was noncommittal.
You visited 3 branches of the dungeon, and saw 10 of its levels.

You collected 266 gold pieces.

Inventory:

Hand Weapons
 b - a +3 flail of draining
 e - a +0 mace
Armour
 f - a +0 cloak (worn)
 k - a +0 helmet (worn)
 l - a +2 robe of willpower (worn)
 o - a +2 pair of gloves (worn)
Magical Staves
 j - a staff of earth (weapon)
Wands
 d - a wand of quicksilver (6)
 i - a wand of paralysis (9) (quivered)
Scrolls
 c - a scroll of magic mapping
 h - a scroll of identify
Potions
 g - a potion of haste
 m - a potion of heal wounds
 n - 2 potions of mutation


   Skills:
 + Level 1.0 Fighting
 + Level 1.0(1.7) Maces & Flails
 + Level 1.9(2.0) Staves
 + Level 4.0 Dodging
 - Level 1.4 Stealth
 + Level 6.5 Spellcasting
 + Level 5.4 Conjurations
 + Level 6.9 Fire Magic
 + Level 3.0 Earth Magic
 + Level 3.0 Evocations


You had 14 spell levels left.
You knew the following spells:

 Your Spells              Type           Power      Damage    Failure   Level
a - Foxfire               Conj/Fire      100%       2x1d9     1%          1
b - Scorch                Fire           80%        2d8       2%          2
c - Flame Wave            Conj/Fire      36%        2d10      13%         4

Your spell library contained the following spells:

 Spells                   Type           Power      Damage    Failure   Level
 Inner Flame              Hex/Fire       23%        N/A       13%         3
 Volatile Blastmotes      Fire/Tloc      46%        2d13      13%         3


Dungeon Overview and Level Annotations

Branches:
Dungeon (8/15) Zot: 3270   Temple (1/1) D:5 Zot: 459    Lair (1/5) D:8 Zot: 591

Altars:
Ashenzari
Cheibriados
Dithmenos
Fedhas
Gozag
Hepliaklqana
Kikubaaqudgha
Makhleb
Nemelex Xobeh
Okawaru
Ru
Sif Muna
Vehumet
Wu Jian
Xom
Zin


Innate Abilities, Weirdness & Mutations

You passively map the area around you.
You are easily found by Zot.
You glow in the dark.
You regain HP and MP as you explore.
You are dopey. (Int -2)
You are occasionally teleported next to monsters.
Your spells are a little harder to cast, but a little more powerful.


Message History

A wave of flame ripples out!
The flame wave engulfs the komodo dragon but does no damage.
The komodo dragon is moderately wounded. (Press . to intensify the flame waves.)
The komodo dragon bites you!!
* * * LOW HITPOINT WARNING * * *
A wave of flame ripples out!
The flame wave engulfs the komodo dragon.
The komodo dragon is burned terribly!
The komodo dragon is heavily wounded.
You hear an angry hiss.
You hear a bellow!
The komodo dragon bites you.
* * * LOW HITPOINT WARNING * * *
It was a potion of mutation.
You feel extremely strange.
You feel weirdly uncertain.
You feel stupid.
You feel less in control of your magic.
The komodo dragon bites you but does no damage.
It was a potion of heal wounds.
You feel much better.
The komodo dragon is no longer more vulnerable to fire.
The komodo dragon bites you.
Casting: Flame Wave (dangerous; 13% risk of failure)
Confirm with . or Enter, or press ? or * to list all spells.
Casting: Flame Wave (dangerous; 13% risk of failure)
Press: ? - help, Dir - look around, f - activate You miscast Flame Wave.
You are very lightly contaminated with residual magic.
Sparks fly from your hands.
* * * LOW HITPOINT WARNING * * *
The komodo dragon closely misses you.
Casting: Flame Wave (dangerous; 13% risk of failure)
Confirm with . or Enter, or press ? or * to list all spells.
Casting: Flame Wave (dangerous; 13% risk of failure)
Press: ? - help, Dir - look around, f - activate A wave of flame ripples out!
The flame wave engulfs the komodo dragon!
The komodo dragon is severely wounded. (Press . to intensify the flame waves.)
You hear a bellow! x2
The komodo dragon bites you!!
You die...

* , ~ ,, , , ,
~~~ **#..... , ,
,,~~ ~ *** ......
,, * ~ #...... ,,
≈. * ......., * ~
~≈.# * *....... ,
~≈~...###....[.:
~~.............#*
~~~~ , #@l...# *
, ####..# , * [#
* ~ ~ , * , ~~ *
, ** , , * ~~ *
*,,* , ~~, ~ *,
*, * * , * ~~ ~ ,


You could see a komodo dragon.

Vanquished Creatures
  A steam dragon (D:8)
  Edmund (D:5)
  An ice beast (D:5)
  A black bear (D:4)
  An ogre (D:6)
  2 centaurs
  Blork the orc (D:6)
  A howler monkey (D:4)
  4 hounds
  A gnoll bouda (D:5)
  A sleepcap (D:8)
  5 iguanas
  An orc wizard (D:6)
  3 gnolls (D:5)
  4 adders
  3 white imps
  2 ufetubi
  A worm (D:5)
  6 orcs
  3 ball pythons (D:4)
  2 endoplasms (D:4)
  2 giant cockroaches
  3 goblins (D:4)
  6 hobgoblins
  4 jackals (D:4)
  A quokka (D:4)
  A bat (D:3)
  4 rats
66 creatures vanquished.

Vanquished Creatures (others)
  84 foxfires
84 creatures vanquished.

Grand Total: 150 creatures vanquished

Notes
Turn   | Place    | Note
-------+----------+-------------------------------------------
     0 | D:1      | hawla the Meteoran Fire Elementalist began the quest for
                  | the Orb.
     0 | D:1      | Reached XP level 1. HP: 14/14 MP: 5/5
    60 | D:1      | Reached XP level 2. HP: 20/20 MP: 2/6
   137 | D:2      | Found a shimmering blue altar of Sif Muna.
   368 | D:4      | Reached skill level 1 in Evocations
   381 | D:4      | Noticed a hound
   387 | D:4      | Killed a hound
   388 | D:4      | Reached XP level 3. HP: 22/26 MP: 2/8
   388 | D:4      | Reached XP level 4. HP: 28/33 MP: 2/9
   391 | D:4      | Learned a level 2 spell: Scorch
   428 | D:4      | Reached XP level 5. HP: 14/38 MP: 0/10
   433 | D:4      | Learned a level 4 spell: Flame Wave
   469 | D:4      | Reached skill level 1 in Earth Magic
   580 | D:4      | Identified the +0 ring mail "Xafaeli" {SInv}
   602 | D:4      | Noticed a black bear
   611 | D:4      | Killed a black bear
   612 | D:4      | Reached XP level 6. HP: 21/45 MP: 5/11
   880 | D:5      | Entered Level 5 of the Dungeon
   919 | D:5      | Reached XP level 7. HP: 26/50 MP: 7/12
   989 | D:5      | Found a staircase to the Ecumenical Temple.
  1005 | D:5      | Noticed Edmund
  1034 | D:5      | Killed Edmund
  1035 | D:5      | Reached skill level 1 in Maces & Flails
  1035 | D:5      | Reached skill level 1 in Staves
  1035 | D:5      | Reached skill level 5 in Conjurations
  1035 | D:5      | Reached skill level 5 in Fire Magic
  1044 | D:5      | Reached XP level 8. HP: 35/58 MP: 2/15
  1182 | D:5      | Reached skill level 5 in Spellcasting
  1345 | Temple   | Entered the Ecumenical Temple
  1456 | Temple   | Became a worshipper of Vehumet
  1529 | D:6      | Noticed Blork the orc
  1543 | D:6      | Killed Blork the orc
  1637 | D:8      | Found a staircase to the Lair.
  1650 | D:8      | Noticed a steam dragon
  1661 | D:8      | Killed a steam dragon
  1662 | D:8      | Reached skill level 1 in Fighting
  1662 | D:8      | Gained mutation: You passively map the area around you.
                  | [Meteoran growth]
  1662 | D:8      | Reached XP level 9. HP: 12/64 MP: 7/19
  1665 | Lair:1   | Entered Level 1 of the Lair of Beasts
  1665 | Lair:1   | Noticed a komodo dragon
  1670 | Lair:1   | Gained mutation: You are occasionally teleported next to
                  | monsters. [potion of mutation]
  1670 | Lair:1   | Gained mutation: You are dopey. (Int -2) [potion of
                  | mutation]
  1670 | Lair:1   | Gained mutation: Your spells are a little harder to cast,
                  | but a little more powerful. [potion of mutation]
  1673 | Lair:1   | Mangled by a komodo dragon

Illustrated notes

Levels and vault maps discovered:
D:1:      minmay_arrival_four_loops, layout_basic, serial_glass,
          glass_columns_a, glass_columns_a, minmay_misc_feat_four_crosses,
          chequers_avenue, minmay_hexomino_c4
D:2:      layout_basic, basic_altar, nicolae_concentric_dashed_squares_wild,
          kennysheep_big_empty_room, minmay_misc_feat_square
D:3:      layout_basic, uniq_grinder
D:4:      layout_basic, minmay_manual_macuahuitl
D:5:      layout_loops_ring, minmay_temple_entry_glassed_door, uniq_edmund
D:6:      layout_loops_cross, dk_noncrumbling_3, serial_bayou_pond_d,
          uniq_blork_the_orc
D:7:      layout_loops_corners, serial_park_tiny_pond, minivault_11,
          uniq_menkaure
D:8:      layout_rooms, lair_entry_dummy
Temple:   kb_temple_of_zot
Lair:1:   statuecave_lemuel, layout_cave_pods, chequers_serial_rivers_large_a,
          beast_lair_carwin_9, uniq_grum

Skill      XL: |  1  2  3  4  5  6  7  8 |
---------------+-------------------------+-----
Evocations     | 3 |  3.0
Spellcasting   | 3 4 6 |  6.5
Fire Magic     | 4 5 6 |  6.9
Conjurations   | 4 5 |  5.4
Earth Magic    | 3 |  3.0
Dodging        | 3 4 |  4.0
Maces & Flails | 1 |  1.0
Staves         | 1 |  1.9
Fighting       | 1 |  1.0
Stealth        | |  1.4

Action                     |  1- 3 |  4- 6 |  7- 9 || total
---------------------------+-------+-------+-------++-------
  Melee: Unarmed           |     5 |       |       ||     5
         Mace              |    11 |     5 |       ||    16
         Staff             |       |    20 |    22 ||    42
   Cast: Foxfire           |    13 |     8 |    27 ||    48
         Scorch            |       |    14 |    29 ||    43
         Flame Wave        |       |     4 |     9 ||    13
  Evoke: Wand              |       |       |     2 ||     2
    Use: Scroll            |       |     5 |     1 ||     6
         Potion            |       |     1 |     5 ||     6
   Stab: Sleeping          |       |     1 |       ||     1
         Paralysed         |       |       |     7 ||     7
 Armour: Robe              |     2 |    25 |    32 ||    59
  Dodge: Dodged            |    10 |    27 |    47 ||    84
